[Event "PJKL 2008 D categorie"]
[Site "Roermond"]
[Date "2008.12.30"]
[Round "14"]
[White "Steinbusch, Milan"]
[Black "Huibers, Lars"]
[Result "1-0"]
[ECO "C48"]
[WhiteElo "763"]
[BlackElo "933"]
[PlyCount "69"]
[TimeControl "240+2"]

{1MB, Fritz10.ctg, ERIC-LAPTOP} 1. Nf3 Nc6 2. e4 e5 3. Bb5 d6 4. Bxc6+ bxc6 5.
Nc3 Nf6 6. d3 Bg4 7. Bg5 h6 8. Bxf6 Qxf6 9. h3 Bh5 10. g4 Bg6 11. h4 h5 12. g5
Qd8 13. Qd2 Be7 14. O-O-O O-O 15. Kb1 Qc8 16. Na4 Qa6 17. b3 f6 18. gxf6 Bxf6
19. Rhg1 Bh7 20. Ng5 Bd8 21. Qe2 g6 22. Nxh7 Kxh7 23. Qf1 Rb8 24. Qg2 Rg8 25.
Rdf1 Qxa4 26. f4 exf4 27. Rxf4 d5 28. Rf7+ Kh6 29. Qd2+ g5 30. hxg5+ Bxg5 31.
Rf6+ Kh7 32. Rxg5 Rxg5 33. Qxg5 Rg8 34. Qxh5+ Kg7 35. Qh6# 1-0

[Event "PJKL 2008 D categorie"]
[Site "Roermond"]
[Date "2008.12.30"]
[Round "15"]
[White "Terwel, Diederick"]
[Black "Steinbusch, Milan"]
[Result "0-1"]
[ECO "C00"]
[WhiteElo "976"]
[BlackElo "763"]
[PlyCount "114"]
[TimeControl "240+2"]

{1MB, Fritz10.ctg, ERIC-LAPTOP} 1. e4 e6 2. Nf3 d5 3. exd5 exd5 4. Qe2+ Qe7 5.
Qxe7+ Bxe7 6. Nc3 Nf6 7. Bb5+ Bd7 8. Bxd7+ Nbxd7 9. O-O O-O 10. Re1 Rfe8 11.
Nb5 Bd6 12. Nxd6 cxd6 13. Rxe8+ Rxe8 14. d3 g5 15. Bxg5 Kg7 16. Bxf6+ Nxf6 17.
Nd4 Kg6 18. Nb5 Re5 19. Nxd6 b6 20. Nb5 Rh5 21. Nxa7 Ng4 22. h3 Ne5 23. Nb5 Rf5
24. Nc3 d4 25. Ne2 Rf6 26. Nxd4 Nc6 27. Nxc6 Rxc6 28. c3 Rd6 29. d4 f5 30. a4
Rd5 31. b4 h5 32. a5 bxa5 33. bxa5 Rd8 34. a6 Ra8 35. a7 Kf7 36. c4 Ke7 37. d5
Kd6 38. Ra6+ Kc7 39. d6+ Kb7 40. c5 Kxa6 41. c6 Kxa7 42. d7 Kb6 43. Kh2 Kxc6
44. d8=Q Rxd8 45. Kg3 Rg8+ 46. Kf3 Ra8 47. g4 fxg4+ 48. hxg4 Rh8 49. g5 Kd5 50.
Kg3 Ke6 51. Kh4 Kf7 52. f3 Kg6 53. f4 Kf5 54. Kg3 h4+ 55. Kh3 Kxf4 56. g6 Rg8
57. Kxh4 Rh8# 0-1

[Event "PJKL 2008 D categorie"]
[Site "Roermond"]
[Date "2008.12.30"]
[Round "15"]
[White "van der Laan, Daniel"]
[Black "Vink , Koen"]
[Result "1-0"]
[ECO "C20"]
[WhiteElo "593"]
[BlackElo "817"]
[PlyCount "61"]
[TimeControl "240+2"]

{1MB, Fritz10.ctg, ERIC-LAPTOP} 1. e4 e5 2. Qh5 Nf6 3. Qxe5+ Be7 4. Bc4 d6 5.
Qb5+ c6 6. Qg5 Rg8 7. e5 dxe5 8. Qxe5 Nbd7 9. Qe3 b5 10. Bd3 Ng4 11. Qe2 Nc5
12. Nc3 Nxd3+ 13. cxd3 b4 14. Nd1 Nf6 15. Nf3 Bg4 16. O-O Bxf3 17. Qxf3 Bd6 18.
Re1+ Kf8 19. Qh3 Bb8 20. Re3 Qc7 21. g3 Nd5 22. Re4 Nf6 23. Rxb4 Qe7 24. Qh4
Qe1+ 25. Kg2 c5 26. Rb7 g5 27. Qc4 Ke8 28. Qxc5 Nd7 29. Qc6 Kf8 30. Qxd7 g4 31.
Qxf7# 1-0

[Event "PJKL 2008 D categorie"]
[Site "Roermond"]
[Date "2008.12.30"]
[Round "15"]
[White "Schols, Jeroen"]
[Black "Redman, Justin"]
[Result "1-0"]
[ECO "A40"]
[WhiteElo "870"]
[BlackElo "448"]
[PlyCount "23"]
[TimeControl "240+2"]

{1MB, Fritz10.ctg, ERIC-LAPTOP} 1. d4 e6 2. Nf3 Nc6 3. Nc3 Nf6 4. Bf4 Bb4 5.
Qd3 d6 6. g3 O-O 7. Bh3 Bc5 8. dxc5 dxc5 9. O-O-O Nb8 10. Qxd8 Rxd8 11. Rxd8+
Ne8 12. Rxe8# 1-0

[Event "PJKL 2008 D categorie"]
[Site "Roermond"]
[Date "2008.12.30"]
[Round "15"]
[White "Parren, Ashley"]
[Black "Hegge, Freek"]
[Result "0-1"]
[ECO "C20"]
[WhiteElo "695"]
[BlackElo "888"]
[PlyCount "52"]
[TimeControl "240+2"]

{1MB, Fritz10.ctg, ERIC-LAPTOP} 1. e4 e5 2. Qh5 Nc6 3. Bc4 Nh6 4. d3 d6 5. Bxh6
g6 6. Qf3 Be6 7. Bxe6 fxe6 8. Bxf8 Rxf8 9. Qe3 Qd7 10. Nf3 O-O-O 11. O-O h5 12.
Ng5 Qe7 13. Nh3 Nd4 14. Qd2 Rf7 15. Nc3 Rg8 16. Ng5 Rff8 17. Qe3 Nxc2 18. Qxa7
Nxa1 19. Rxa1 Qxg5 20. Qa8+ Kd7 21. Qa4+ c6 22. g3 Qf6 23. Rf1 g5 24. b4 h4 25.
gxh4 gxh4+ 26. Kh1 Qf3# 0-1

[Event "PJKL 2008 D categorie"]
[Site "Roermond"]
[Date "2008.12.30"]
[Round "15"]
[White "Damen, Ruben"]
[Black "Maessen, Roy"]
[Result "0-1"]
[ECO "A00"]
[WhiteElo "886"]
[BlackElo "1330"]
[PlyCount "68"]
[TimeControl "240+2"]

{1MB, Fritz10.ctg, ERIC-LAPTOP} 1. e4 d5 2. Nc3 dxe4 3. Nxe4 Bf5 4. Qf3 Bxe4 5.
Qxe4 Nc6 6. Bb5 Qd6 7. Ne2 Nf6 8. Qf4 O-O-O 9. Bxc6 Qxc6 10. Qf3 Qxc2 11. Qh3+
e6 12. O-O Qc4 13. Qe3 Rd3 14. Qxa7 Nd7 15. Qa8+ Nb8 16. Qa5 Rd5 17. Qc3 Qxe2
18. b4 Qe5 19. d4 Qxd4 20. Qc2 Qxb4 21. g3 Qc5 22. Qb2 Qb5 23. Qc2 Rc5 24. Qd2
Bd6 25. Ba3 Rd5 26. Qe3 Bxa3 27. Qxa3 Rhd8 28. Qf3 Rf5 29. Qe3 Rd3 30. Qe2
Rxg3+ 31. hxg3 Qxe2 32. Rad1 Qf3 33. Rfe1 Qxf2+ 34. Kh1 Rh5# 0-1

[Event "PJKL 2008 D categorie"]
[Site "Roermond"]
[Date "2008.12.30"]
[Round "15"]
[White "Broens, Damian"]
[Black "van den Berg, Dora Jane"]
[Result "1-0"]
[ECO "C40"]
[WhiteElo "879"]
[BlackElo "658"]
[PlyCount "55"]
[TimeControl "240+2"]

{1MB, Fritz10.ctg, ERIC-LAPTOP} 1. e4 e5 2. Nf3 d5 3. Nc3 d4 4. Nd5 f5 5. exf5
Bxf5 6. Nxe5 Qxd5 7. Qh5+ g6 8. Qe2 Bxc2 9. Nxg6+ Qe4 10. Nxh8 Qxe2+ 11. Bxe2
d3 12. Bh5+ Kd8 13. Bf3 Nc6 14. O-O Bb3 15. axb3 Nd4 16. Bd5 Nf6 17. Bf7 Nc2
18. Ra5 b6 19. Rf5 Bg7 20. Rg5 Bxh8 21. Bd5 Nb4 22. Bxa8 Na2 23. Rg3 Nxc1 24.
Rxc1 Nh5 25. Rxd3+ Kc8 26. Bf3 Bxb2 27. Re1 Nf4 28. Re8# 1-0

[Event "PJKL 2008 D categorie"]
[Site "Roermond"]
[Date "2008.12.30"]
[Round "16"]
[White "Maessen, Roy"]
[Black "van Meegen, Judith"]
[Result "1/2-1/2"]
[ECO "D02"]
[WhiteElo "1330"]
[BlackElo "1157"]
[PlyCount "48"]
[TimeControl "240+2"]

{1MB, Fritz10.ctg, ERIC-LAPTOP} 1. d4 d5 2. Nf3 Nc6 3. e3 Nf6 4. b3 Bg4 5. Be2
e6 6. Ng1 Bxe2 7. Nxe2 Bb4+ 8. Bd2 Bxd2+ 9. Nxd2 Qd6 10. O-O O-O 11. c4 Ng4 12.
Nf4 Nf6 13. c5 Qe7 14. Nh5 b6 15. Nxf6+ Qxf6 16. cxb6 axb6 17. f4 Rfe8 18. Rf3
Qg6 19. a3 f6 20. Qc1 Ne7 21. Qxc7 Rac8 22. Qxb6 Rc2 23. Qxe6+ Kf8 24. f5 Qg5
1/2-1/2

[Event "PJKL 2008 D categorie"]
[Site "Roermond"]
[Date "2008.12.30"]
[Round "16"]
[White "Hegge, Freek"]
[Black "Damen, Ruben"]
[Result "1-0"]
[ECO "C42"]
[WhiteElo "888"]
[BlackElo "886"]
[PlyCount "51"]
[TimeControl "240+2"]

{1MB, Fritz10.ctg, ERIC-LAPTOP} 1. e4 e5 2. Nf3 Nf6 3. Nxe5 Nxe4 4. Qe2 d5 5.
f3 Nc5 6. Nc6+ Qe7 7. Nxe7 Bxe7 8. d4 Ne6 9. Nc3 Nxd4 10. Qd3 Nbc6 11. Nxd5 O-O
12. c3 Bf5 13. Nxe7+ Nxe7 14. Qxd4 Rfe8 15. Be2 Rad8 16. Qf4 c6 17. Qg3 Bd3 18.
Bh6 g6 19. Qe5 Nf5 20. Qf6 Bxe2 21. g4 Bc4+ 22. Kf2 Rd2+ 23. Kg1 Re6 24. Qg5
Rxb2 25. Qd8+ Re8 26. Qxe8# 1-0

[Event "PJKL 2008 D categorie"]
[Site "Roermond"]
[Date "2008.12.30"]
[Round "16"]
[White "Vink, Koen"]
[Black "Schols, Jeroen"]
[Result "0-1"]
[ECO "C49"]
[WhiteElo "817"]
[BlackElo "870"]
[PlyCount "72"]
[TimeControl "240+2"]

{1MB, Fritz10.ctg, ERIC-LAPTOP} 1. e4 e5 2. Nf3 Nc6 3. Nc3 Nf6 4. Bb5 Bb4 5. d3
O-O 6. Bd2 Nd4 7. a3 Nxf3+ 8. Qxf3 Bxc3 9. Bxc3 d6 10. Bd2 Bg4 11. Qe3 c6 12.
Bc4 b5 13. Ba2 a5 14. f3 Be6 15. Qf2 Bxa2 16. Rxa2 d5 17. exd5 cxd5 18. Qg3 Nh5
19. Qg4 Nf6 20. Qg3 Nh5 21. Qf2 Qe8 22. Qh4 g6 23. Bh6 Qd8 24. Qf2 Re8 25. g4
Nf6 26. Bg5 a4 27. b4 axb3 28. cxb3 Rc8 29. Ra1 e4 30. fxe4 dxe4 31. dxe4 Rxe4+
32. Kf1 Qd3+ 33. Kg2 Rc2 34. Rad1 Rxf2+ 35. Kxf2 Re2+ 36. Kf1 Qxd1# 0-1

[Event "PJKL 2008 D categorie"]
[Site "Roermond"]
[Date "2008.12.30"]
[Round "16"]
[White "Steinbusch, Milan"]
[Black "van der Laan, Daniel"]
[Result "1-0"]
[ECO "A46"]
[WhiteElo "763"]
[BlackElo "593"]
[PlyCount "27"]
[TimeControl "240+2"]

{1MB, Fritz10.ctg, ERIC-LAPTOP} 1. Nf3 Nf6 2. d4 d6 3. Bf4 Nbd7 4. Nc3 c5 5.
Bg5 Qa5 6. Bxf6 Nxf6 7. Qd2 g6 8. O-O-O h5 9. e3 Bg4 10. Be2 Nd7 11. h3 Bxf3
12. Bxf3 a6 13. dxc5 dxc5 14. Qxd7# 1-0

[Event "PJKL 2008 D categorie"]
[Site "Roermond"]
[Date "2008.12.30"]
[Round "16"]
[White "Huibers, Lars"]
[Black "Terwel, Diederick"]
[Result "1-0"]
[ECO "B30"]
[WhiteElo "933"]
[BlackElo "976"]
[PlyCount "51"]
[TimeControl "240+2"]

{1MB, Fritz10.ctg, ERIC-LAPTOP} 1. e4 c5 2. Nf3 Nc6 3. Nc3 Nf6 4. Bc4 e6 5. O-O
Bd6 6. d3 O-O 7. Be3 a6 8. Qd2 b5 9. Bb3 a5 10. Nxb5 a4 11. Bc4 Rb8 12. Nxd6
Rxb2 13. Rfb1 Rxb1+ 14. Rxb1 Qc7 15. Bxc5 Ne7 16. Ba3 Qd8 17. Nxc8 Qxc8 18.
Bxe7 Re8 19. Bxf6 gxf6 20. Qh6 f5 21. exf5 exf5 22. Qf6 Rf8 23. Ng5 Qc6 24.
Bxf7+ Rxf7 25. Qxf7+ Kh8 26. Qxh7# 1-0

[Event "PJKL 2008 D categorie"]
[Site "Roermond"]
[Date "2008.12.30"]
[Round "17"]
[White "van der Laan, Daniel"]
[Black "Huibers , Lars"]
[Result "0-1"]
[ECO "C20"]
[WhiteElo "593"]
[BlackElo "933"]
[PlyCount "68"]
[TimeControl "240+2"]

{1MB, Fritz10.ctg, ERIC-LAPTOP} 1. e4 e5 2. Qh5 Nc6 3. Bb5 Nf6 4. Qg5 Nxe4 5.
Qe3 Qh4 6. Nf3 Qf4 7. O-O Qxe3 8. fxe3 Bc5 9. Bxc6 dxc6 10. Nxe5 O-O 11. d3 Nf6
12. d4 Bd6 13. Nf3 Bg4 14. Ng5 h6 15. e4 hxg5 16. Bxg5 Be2 17. Re1 Bb5 18. Nc3
c5 19. dxc5 Bxc5+ 20. Be3 Bxe3+ 21. Rxe3 Ba6 22. Rf1 Bxf1 23. Kxf1 Ng4 24. Rh3
f5 25. Rf3 Nxh2+ 26. Kf2 Nxf3 27. Kxf3 fxe4+ 28. Kxe4 Rf2 29. Nd1 Rxg2 30. Kd3
Rd8+ 31. Kc3 Rxd1 32. a4 Rg3+ 33. Kb4 Rd4+ 34. Ka5 Rg5# 0-1

[Event "PJKL 2008 D categorie"]
[Site "Roermond"]
[Date "2008.12.30"]
[Round "17"]
[White "Schols, Jeroen"]
[Black "Steinbusch, Milan"]
[Result "0-1"]
[ECO "D00"]
[WhiteElo "870"]
[BlackElo "763"]
[PlyCount "66"]
[TimeControl "240+2"]

{1MB, Fritz10.ctg, ERIC-LAPTOP} 1. d4 Nf6 2. Nf3 d5 3. Nc3 Bg4 4. Bg5 e6 5. e3
Bb4 6. Qd2 O-O 7. Be2 Nc6 8. O-O-O Qe7 9. Bb5 Rfe8 10. Bxc6 bxc6 11. h3 Bxf3
12. gxf3 h6 13. Bxf6 Qxf6 14. Rhg1 Rab8 15. Ne4 Bxd2+ 16. Rxd2 dxe4 17. fxe4
Red8 18. e5 Qe7 19. f4 c5 20. Rdg2 f6 21. exf6 Qxf6 22. b3 cxd4 23. e4 Qxf4+
24. Kb1 Qf7 25. Kc1 d3 26. c4 d2+ 27. Kd1 Qf3+ 28. Re2 a5 29. h4 a4 30. h5 axb3
31. axb3 Rxb3 32. Kc2 Qd3+ 33. Kd1 Rb1# 0-1

[Event "PJKL 2008 D categorie"]
[Site "Roermond"]
[Date "2008.12.30"]
[Round "17"]
[White "Parren, Ashley"]
[Black "Vink, Koen"]
[Result "1/2-1/2"]
[ECO "C20"]
[WhiteElo "695"]
[BlackElo "817"]
[PlyCount "55"]
[TimeControl "240+2"]

{1MB, Fritz10.ctg, ERIC-LAPTOP} 1. e4 e5 2. Qh5 Nf6 3. Qxe5+ Be7 4. Bc4 Nc6 5.
Qf4 d6 6. Bb5 Bd7 7. Nf3 a6 8. Bxc6 Bxc6 9. Nc3 b5 10. O-O b4 11. Nd5 Bxd5 12.
exd5 Nxd5 13. Qg4 Bf6 14. c4 Nb6 15. Re1+ Kf8 16. Re2 d5 17. cxd5 Qxd5 18. d3
Qxd3 19. Rd2 Qb5 20. Nd4 Qe5 21. Nc2 a5 22. f4 Qc5+ 23. Kf1 a4 24. Rb1 Qc4+ 25.
Kf2 Qc5+ 26. Kf1 Qc4+ 27. Kf2 Qc5+ 28. Kf1 1/2-1/2

[Event "PJKL 2008 D categorie"]
[Site "Roermond"]
[Date "2008.12.30"]
[Round "17"]
[White "van Meegen, Judith"]
[Black "Hegge, Freek"]
[Result "1-0"]
[ECO "C66"]
[WhiteElo "1157"]
[BlackElo "888"]
[PlyCount "97"]
[TimeControl "240+2"]

{1MB, Fritz10.ctg, ERIC-LAPTOP} 1. e4 e5 2. Nf3 Nc6 3. Nc3 Nf6 4. Bb5 d6 5. O-O
g6 6. d3 Bg7 7. Bg5 O-O 8. Qd2 Bg4 9. Nh4 a6 10. Bc4 Nd4 11. h3 Be6 12. Ne2
Bxc4 13. dxc4 Nxe2+ 14. Qxe2 c6 15. Rad1 Qc7 16. Qe3 b6 17. Bh6 b5 18. cxb5
cxb5 19. c3 Qa7 20. Qxa7 Rxa7 21. Bxg7 Kxg7 22. Rfe1 h6 23. Rxd6 Rd7 24. Rxa6
Rfd8 25. Nf3 h5 26. Rb6 Rd1 27. Kf1 Nxe4 28. Rxb5 f6 29. a4 Rxe1+ 30. Kxe1 g5
31. a5 Ra8 32. c4 Nd6 33. Rc5 Kf7 34. b4 Ke7 35. Kd2 Kd7 36. Ke3 Ra7 37. Nd2
Nb7 38. Rb5 Nd6 39. Rb6 Kc7 40. c5 Nc8 41. Rxf6 Rb7 42. Rf7+ Kc6 43. Rxb7 Kxb7
44. Kd3 Na7 45. Nf3 g4 46. hxg4 hxg4 47. Nxe5 Nb5 48. Nxg4 Ka6 49. f4 1-0

[Event "PJKL 2008 D categorie"]
[Site "Roermond"]
[Date "2008.12.30"]
[Round "17"]
[White "Broens, Damian"]
[Black "Maessen, Roy"]
[Result "0-1"]
[ECO "C02"]
[WhiteElo "879"]
[BlackElo "1330"]
[PlyCount "96"]
[TimeControl "240+2"]

{1MB, Fritz10.ctg, ERIC-LAPTOP} 1. e4 d5 2. e5 e6 3. Nf3 Nc6 4. d4 Bb4+ 5. c3
Be7 6. Bb5 Bd7 7. O-O Nh6 8. Na3 O-O 9. Ng5 Bxg5 10. Bxg5 Qxg5 11. Qf3 Qe7 12.
Ba4 Nxd4 13. cxd4 Bxa4 14. b3 Qxa3 15. bxa4 Qxa4 16. Qc3 Qc4 17. Qb2 Rab8 18.
Rac1 Qa6 19. Qc2 Rbc8 20. a4 Nf5 21. Ra1 Nxd4 22. Qd1 c5 23. Qg4 Nc6 24. h4
Nxe5 25. Qg3 Nd7 26. h5 e5 27. Rfd1 d4 28. Qh3 Qe6 29. Qh2 c4 30. g4 Qxg4+ 31.
Kf1 c3 32. Rd3 c2 33. Rc1 Qg5 34. f4 Qxf4+ 35. Qxf4 exf4 36. Rxd4 Nc5 37. Rxc2
Ne6 38. Rdd2 Rxc2 39. Rxc2 g6 40. h6 g5 41. Rg2 f6 42. Re2 Re8 43. Rc2 Kf7 44.
Rb2 b6 45. Rh2 Nd4 46. Kg2 Re2+ 47. Kg1 Nf3+ 48. Kh1 Rxh2# 0-1

[Event "PJKL 2008 D categorie"]
[Site "Roermond"]
[Date "2008.12.30"]
[Round "17"]
[White "Schreibing, Dani"]
[Black "van den Berg, Dora Jane"]
[Result "1-0"]
[ECO "B01"]
[WhiteElo "624"]
[BlackElo "658"]
[PlyCount "63"]
[TimeControl "240+2"]

{1MB, Fritz10.ctg, ERIC-LAPTOP} 1. e4 d5 2. exd5 Qxd5 3. Nc3 Qe5+ 4. Be2 Qf6 5.
Ne4 Qf5 6. d3 e5 7. Nf3 Bb4+ 8. c3 Ba5 9. b4 Bb6 10. Qa4+ Bd7 11. Qb3 Be6 12.
c4 Qg4 13. O-O f5 14. Qa4+ Bd7 15. b5 fxe4 16. dxe4 Qxe4 17. Qd1 c6 18. Ng5 Qf5
19. Bg4 Qxg4 20. h3 Qxc4 21. Rb1 cxb5 22. Qe1 Bd4 23. Bb2 Nc6 24. Bxd4 Qxd4 25.
Qe2 b4 26. Qh5+ g6 27. Qf3 Bf5 28. Qe2 Bxb1 29. Ne6 Qd7 30. Qc4 Bd3 31. Qc5
Bxf1 32. Qf8# 1-0